 Dungeon Sprint DCSS version 0.19-a0-1886-gd64a0f0 (webtiles) character file.

122 George the Slasher (level 4, -15/44 HPs)
             Began as a Minotaur Fighter on Oct 15, 2016.
             Was a Follower of Okawaru.
             Killed from afar by a deep elf mage (24 damage)
             ... with a shard of ice
             ... in the Dungeon (Sprint VII: "The Pits").
             The game lasted 00:00:42 (232 turns).

George the Slasher (Minotaur Fighter)                Turns: 232, Time: 00:00:42

Health: -15/44     AC:  7    Str: 21    XL:     4   Next: 78%
Magic:  5/5        EV:  8    Int:  5    God:    Okawaru [*.....]
Gold:   0          SH: 10    Dex: 10    Spells: 0 memorised, 3 levels left

rFire  . . .     SeeInvis .     l - +2 falchion (venom)
rCold  . . .     Gourm    .     b - +0 scale mail
rNeg   . . .     Faith    .     c - +0 shield
rPois  .         Spirit   .     (helmet restricted)
rElec  .         Dismiss  .     (no cloak)
rCorr  .         Reflect  .     (no gloves)
MR     .....     Harm     .     (no boots)
Stlth  .......... NoTele   +    (no amulet)
                                (no ring)
                                (no ring)

@: no status effects
A: retaliatory headbutt, horns 2
a: Heroism, Renounce Religion


You were in the Dungeon.
You worshipped Okawaru.
Okawaru was aware of your devotion.
You were not hungry.

You visited 1 branch

Inventory:

Hand Weapons
 l - a +2 falchion of venom (weapon)
Armour
 b - a +0 scale mail (worn)
 c - a +0 shield (worn)
Scrolls
 k - a scroll of blinking
 m - 3 scrolls of remove curse
 n - 5 scrolls of amnesia
 o - a scroll of summoning
Potions
 a - 2 potions of invisibility
 d - a potion of might
 e - a potion of curing
 g - a potion of heal wounds
 h - a potion of haste
 i - 4 potions of magic
 j - 3 potions of berserk rage
Comestibles
 f - 8 bread rations
 p - 40 fruits
 q - 7 meat rations


   Skills:
 + Level 6.0 Fighting
 * Level 7.0 Long Blades
 + Level 5.8 Armour
 + Level 5.8 Shields
 + Level 3.5 Invocations


You had 3 spell levels left.
You didn't know any spells.

Dungeon Overview and Level Annotations

Branches:
Dungeon (1/1)

Altars:
Ashenzari
Cheibriados
Dithmenos
Elyvilon
Fedhas
Gozag
Hepliaklqana
Kikubaaqudgha
Makhleb
Nemelex Xobeh
Okawaru
Qazlal
Ru
Sif Muna
Trog
Uskayaw
Vehumet
Xom
Yredelemnul
Zin
The Shining One
Beogh
Jiyva
Lugonu


Innate Abilities, Weirdness & Mutations

You reflexively headbutt those who attack you in melee.
You have a pair of horns on your head.


Message History

Your headbutt misses the giant cockroach.
The giant cockroach is moderately wounded.
There is an open door here.
You slash the deep elf mage!
The deep elf mage is poisoned.
The deep elf mage is moderately wounded.
You slash the deep elf mage!
The deep elf mage looks as sick as possible!
You headbutt the deep elf mage!
The deep elf mage is severely wounded.
The deep elf mage casts a spell at you. The bolt of cold hits you!
Ouch! That really hurt!
* * * LOW HITPOINT WARNING * * *
You hit the deep elf mage.
The deep elf mage looks as sick as possible!
The deep elf mage is almost dead.
The deep elf mage points at you and mumbles some strange words.
The shard of ice hits you!
Ouch! That really hurt!
You die...

#__________#
#____#####'###########++
######)))#.##...........
#.?(.')))'.##......#..#
##########.##..........
#...........'...........
+#####'#####......#..#.
#..#..#..##...........
#..)..@..#####'#####+
##+####e###.......#
#......s.##.......#
#.....Z..##.......#
#####+#####...<...#
#.......# #.......#
#.......# #########


You could see a deep elf mage and a giant cockroach.

Vanquished Creatures
  A floating eye (D)
  A gnoll (D)
  An ufetubus (D)
  An ooze (D)
  A giant cockroach (D)
  A hobgoblin (D)
  A ball python (D)
7 creatures vanquished.

Notes
Turn   | Place    | Note
-------+----------+-------------------------------------------
     0 | D        | George the Minotaur Fighter began the quest for the Orb.
     0 | D        | Reached XP level 1. HP: 19/19 MP: 0/0
    40 | D        | Found a radiant altar of Vehumet.
    40 | D        | Found a hide-covered altar of Uskayaw.
    40 | D        | Found an ancient bone altar of Kikubaaqudgha.
    40 | D        | Found a viscous altar of Jiyva.
    40 | D        | Found a hazy altar of Hepliaklqana.
    41 | D        | Found a bloodstained altar of Trog.
    41 | D        | Found a deep blue altar of Sif Muna.
    41 | D        | Found a sacrificial altar of Ru.
    41 | D        | Found a stormy altar of Qazlal.
    41 | D        | Found an iron altar of Okawaru.
    41 | D        | Found a sparkling altar of Nemelex Xobeh.
    41 | D        | Found an opulent altar of Gozag.
    41 | D        | Found a blossoming altar of Fedhas.
    41 | D        | Found a white marble altar of Elyvilon.
    41 | D        | Found a shadowy altar of Dithmenos.
    41 | D        | Found a snail-covered altar of Cheibriados.
    42 | D        | Found a burning altar of Makhleb.
    42 | D        | Found a glowing golden altar of the Shining One.
    42 | D        | Found a glowing silver altar of Zin.
    42 | D        | Found a basalt altar of Yredelemnul.
    42 | D        | Found a roughly hewn altar of Beogh.
    43 | D        | Found a corrupted altar of Lugonu.
    43 | D        | Found a shimmering altar of Xom.
    43 | D        | Found a shattered altar of Ashenzari.
    48 | D        | Became a worshipper of Warmaster Okawaru
    64 | D        | Reached skill level 3 in Long Blades
   151 | D        | Noticed a floating eye
   152 | D        | Reached skill level 1 in Invocations
   156 | D        | Killed a floating eye
   156 | D        | Reached * piety under Okawaru
   156 | D        | Reached skill level 5 in Fighting
   156 | D        | Reached skill level 6 in Long Blades
   156 | D        | Reached skill level 5 in Armour
   156 | D        | Reached skill level 5 in Shields
   156 | D        | Reached XP level 2. HP: 30/30 MP: 0/3
   156 | D        | Reached XP level 3. HP: 37/37 MP: 0/4
   156 | D        | Reached XP level 4. HP: 44/44 MP: 0/5
   215 | D        | Reached skill level 7 in Long Blades
   225 | D        | Noticed a deep elf mage
   232 | D        | Killed from afar by a deep elf mage

Vault maps used:
D:        pitsprint

Skill      XL: |  1  2  3  4 |
---------------+-------------+-----
Long Blades    | 6 7 |  7.0
Fighting       | 5 6 |  6.0
Armour         | 5 |  5.8
Shields        | 5 |  5.8
Invocations    | 3 |  3.5

Action                   |  1- 3 |  4- 6 || total
-------------------------+-------+-------++-------
Melee: Falchion          |     8 |     9 ||    17
       Headbutt          |     2 |     5 ||     7
       Long sword        |     1 |       ||     1
Armor: Scale mail        |     1 |     1 ||     2
Dodge: Dodged            |     2 |     1 ||     3
Block: Shield            |     4 |     1 ||     5
       Rpst.: Falchion   |       |     1 ||     1
